[Event "Titled Tuesday Blitz December 7 2021"]
[White "Bayo Milagro, Alvaro"]
[Black "Faizrakhmanov, Ramil"]
[WhiteFideId "22275240"]
[BlackFideId "24103209"]
[WhiteElo "2270"]
[BlackElo "2396"]
[Result "1/2-1/2"]
[Round "02"]
[TimeControl "180+1"]
[Date "2021.12.07"]
[WhiteClock "0:00:20"]
[BlackClock "0:00:18"]

1. c4 Nf6 2. Nf3 g6 3. g3 Bg7 4. Bg2 O-O 5. O-O d6 6. Nc3 Nc6 7. d3 e5 8. Rb1 a5 9. a3 h6 10. b4 axb4 11. axb4 Be6 12. b5 Ne7 13. Nd2 c6 14. Bb2 d5 15. Ra1 Nd7 16. Qc2 Rxa1 17. Rxa1 d4 18. Nce4 f5 19. bxc6 bxc6 20. Nd6 Nc5 21. Ba3 Qxd6 22. Nb3 Ra8 23. Qb2 Nxb3 24. Bxd6 Rxa1+ 25. Bf1 f4 26. h4 Bh3 27. Bxe7 Rxf1+ 28. Kh2 Rxf2+ 29. Kxh3 f3 30. Qxb3 fxe2 31. Bb4 c5 32. Ba5 Rf1 33. Qb2 e1=Q 34. Bxe1 Rxe1 35. Qb8+ Kh7 36. Qb7 h5 37. Qc7 Re3 38. Qxc5 Rxd3 39. Qd5 Rc3 40. c5 d3 41. c6 Rc1 42. Qxd3 Rxc6 43. Qe4 Rd6 44. Kg2 Rd4 45. Qb7 e4 46. Kf2 Rd2+ 47. Ke3 Rd3+ 48. Kf4 Rf3+ 49. Kxe4 Rxg3 50. Qe7 Rg4+ 51. Kf3 Kh6 52. Qe3+ Kh7 53. Qe7 Kg8 54. Qe8+ Bf8 55. Qe6+ Kg7 56. Qd7+ Kh6 57. Qd2+ Kh7 58. Qd7+ Bg7 59. Qe7 1/2-1/2


[Site "https://www.chess.com"]

[Event "Titled Tuesday Blitz December 7 2021"]
[White "Begmuratov, Khumoyun"]
[Black "Tarasova, Viktoriya"]
[WhiteFideId "14210207"]
[BlackFideId "4175840"]
[WhiteElo "1961"]
[BlackElo "2182"]
[Result "1-0"]
[Round "02"]
[TimeControl "180+1"]
[Date "2021.12.07"]
[WhiteClock "0:01:29"]
[BlackClock "0:00:20"]

1. e4 e5 2. Nf3 Nc6 3. Bb5 Nf6 4. O-O Nxe4 5. d4 Nd6 6. Bxc6 dxc6 7. dxe5 Nf5 8. Qxd8+ Kxd8 9. Nc3 Bd7 10. Ne4 h6 11. b3 Kc8 12. a4 Ne7 13. Ba3 Ng6 14. Bxf8 Rxf8 15. Rfe1 b6 16. Rad1 Bf5 17. Nd4 Bxe4 18. Rxe4 Kb7 19. e6 Rfe8 20. f3 fxe6 21. Nxe6 Re7 22. Nd8+ Ka6 23. Nxc6 Rxe4 24. fxe4 Re8 25. Re1 Kb7 26. Nd4 Ne5 27. Nf3 Nxf3+ 28. gxf3 Rd8 29. Kf2 g5 30. Ke3 Kc6 31. h4 Kc5 32. hxg5 hxg5 33. Rg1 Rg8 34. c3 a5 35. Ke2 b5 36. f4 g4 37. axb5 Kxb5 38. Ke3 c5 39. f5 c4 40. bxc4+ Kxc4 41. f6 Rf8 42. e5 Kd5 43. Kf4 Rc8 44. Rxg4 Rxc3 45. Kf5 Rf3+ 46. Rf4 Rxf4+ 47. Kxf4 a4 48. f7 a3 49. f8=Q a2 50. Qg8+ Kd4 51. Qxa2 1-0


[Site "https://www.chess.com"]

[Event "Titled Tuesday Blitz December 7 2021"]
[White "Bilan, Danila"]
[Black "Rustemov, Alexander"]
[WhiteFideId "24161918"]
[BlackFideId "4119002"]
[WhiteElo "2164"]
[BlackElo "2757"]
[Result "0-1"]
[Round "02"]
[TimeControl "180+1"]
[Date "2021.12.07"]
[WhiteClock "0:00:25"]
[BlackClock "0:01:08"]

1. d4 d5 2. Nf3 Nf6 3. c4 dxc4 4. e3 e6 5. Bxc4 c5 6. O-O a6 7. dxc5 Qxd1 8. Rxd1 Bxc5 9. a3 Nbd7 10. b4 Be7 11. Bb2 b6 12. Nbd2 Bb7 13. Ne5 Nxe5 14. Bxe5 O-O 15. Nf3 Rfc8 16. Bb3 Kf8 17. Bd4 b5 18. Ne5 Bd5 19. Bxd5 Nxd5 20. Rac1 Rxc1 21. Rxc1 a5 22. bxa5 Bxa3 23. Ra1 b4 24. Bb6 Bb2 25. Bd4 Bxa1 26. Bxa1 0-1


[Site "https://www.chess.com"]

[Event "Titled Tuesday Blitz December 7 2021"]
[White "Blohberger, Felix"]
[Black "Zaichenko, Daria"]
[WhiteFideId "1632051"]
[BlackFideId "4197453"]
[WhiteElo "2416"]
[BlackElo "2039"]
[Result "1-0"]
[Round "02"]
[TimeControl "180+1"]
[Date "2021.12.07"]
[WhiteClock "0:00:22"]
[BlackClock "0:00:29"]

1. d4 d5 2. Nf3 Nf6 3. Bf4 e6 4. e3 c5 5. c3 Nc6 6. Nbd2 Be7 7. Bd3 c4 8. Bc2 b5 9. Ne5 Nxe5 10. Bxe5 Bd6 11. f4 h5 12. O-O Ng4 13. Qe2 f5 14. Bxg7 Rg8 15. Be5 Bxe5 16. fxe5 Qg5 17. Rf3 Bb7 18. Nf1 h4 19. Kh1 O-O-O 20. a4 b4 21. cxb4 Kb8 22. h3 Nxe5 23. dxe5 d4 24. exd4 Bxf3 25. Qxf3 Rxd4 26. b5 Rf4 27. Qe2 Qg3 28. Nxg3 1-0


[Site "https://www.chess.com"]

[Event "Titled Tuesday Blitz December 7 2021"]
[White "Bologan, Victor"]
[Black "Druska, Juraj"]
[WhiteFideId "13900048"]
[BlackFideId "14915650"]
[WhiteElo "2472"]
[BlackElo "2369"]
[Result "1-0"]
[Round "02"]
[TimeControl "180+1"]
[Date "2021.12.07"]
[WhiteClock "0:00:26"]
[BlackClock "0:00:06"]

1. e4 d5 2. exd5 Qxd5 3. Nc3 Qd8 4. d4 Nf6 5. g3 g6 6. Bg2 Bg7 7. Nf3 O-O 8. O-O Nc6 9. h3 Rb8 10. Be3 b6 11. Re1 Bb7 12. a3 e6 13. Qd2 Re8 14. Rad1 Ne7 15. Bg5 Ned5 16. Nxd5 Qxd5 17. Qf4 Nh5 18. Qh4 h6 19. Bc1 Qd8 20. Qxd8 Rbxd8 21. g4 Nf6 22. Ne5 Bxg2 23. Kxg2 Nd5 24. c4 Ne7 25. Bf4 a6 26. Bg3 Rd6 27. Nf3 Rd7 28. Ne5 Rd6 29. c5 bxc5 30. dxc5 Rd5 31. b4 a5 32. Nc4 axb4 33. axb4 Rb8 34. Bxc7 Rxb4 35. Ne3 Rxd1 36. Rxd1 Bf8 37. Rd8 Rb7 38. Bd6 g5 39. Nc4 Ng6 40. c6 Rb6 41. c7 Rc6 42. c8=Q Rxc8 43. Rxc8 1-0


[Site "https://www.chess.com"]

[Event "Titled Tuesday Blitz December 7 2021"]
[White "Bouget, Alexandre"]
[Black "Fawzy, Adham"]
[WhiteFideId "681318"]
[BlackFideId "10613129"]
[WhiteElo "2178"]
[BlackElo "2508"]
[Result "1-0"]
[Round "02"]
[TimeControl "180+1"]
[Date "2021.12.07"]
[WhiteClock "0:00:08"]
[BlackClock "0:01:18"]

1. d4 Nf6 2. c4 e6 3. Nc3 Bb4 4. a3 Bxc3+ 5. bxc3 b6 6. f3 d5 7. cxd5 exd5 8. e3 O-O 9. Bd3 c5 10. Ne2 Ba6 11. O-O Re8 12. Ng3 Bxd3 13. Qxd3 Nc6 14. Ra2 Qd7 15. Re2 Rad8 16. Bb2 Na5 17. e4 Qa4 18. e5 Nd7 19. f4 Nf8 20. f5 Nc4 21. Bc1 Qb3 22. Nh5 Kh8 23. Qg3 g6 24. Qg5 Nd7 25. e6 Qxc3 26. exd7 Qxd4+ 27. Be3 Rxe3 28. Qxd8+ Re8+ 29. Kh1 gxh5 30. Qxe8+ Kg7 31. d8=Q Qg4 32. Qh8+ Kh6 33. Qdf8+ Kg5 34. Qfg7+ Kh4 35. Qf6+ Qg5 36. g3+ Kg4 37. Rf4+ Qxf4 38. Qh4+ Kf3 39. Qxf4+ Kxe2 40. Qxh7 d4 41. Qxh5+ Kd3 42. Qhf3+ Ne3 43. Q4e4+ Kc3 44. Qfxe3+ dxe3 45. Qxe3+ Kb2 46. g4 c4 47. Qd2+ Kb3 48. Qd1+ Kb2 49. Qd2+ Kb3 50. g5 c3 51. Qc1 c2 52. g6 b5 53. gxf7 b4 54. f8=Q Kc3 55. Qf7 b3 56. Qc7+ Kd3 57. Qd6+ Kc3 58. Qc5+ Kd3 59. Q5e3+ Kc4 60. Qb2 c1=Q+ 61. Qexc1+ Kb5 62. Qcc3 Ka6 63. Qcxb3 Ka5 64. Qb5# 1-0


[Site "https://www.chess.com"]

[Event "Titled Tuesday Blitz December 7 2021"]
[White "Budrewicz, Krzysztof"]
[Black "Durarbayli, Vasif"]
[WhiteFideId "1127950"]
[BlackFideId "13402935"]
[WhiteElo "2242"]
[BlackElo "2599"]
[Result "0-1"]
[Round "02"]
[TimeControl "180+1"]
[Date "2021.12.07"]
[WhiteClock "0:00:18"]
[BlackClock "0:00:16"]

1. d4 Nf6 2. c4 e6 3. Nf3 b6 4. g3 Bb7 5. Bg2 Bb4+ 6. Bd2 a5 7. O-O O-O 8. Nc3 Bxc3 9. Bxc3 Ne4 10. Qc2 Nxc3 11. Qxc3 d6 12. Rfe1 Be4 13. Rad1 Nd7 14. Bh3 f5 15. Nd2 Qf6 16. Nxe4 fxe4 17. Rf1 Rae8 18. Qe3 Qg6 19. Bg2 Nf6 20. h3 e5 21. d5 Re7 22. a3 a4 23. Rc1 Ref7 24. Rc3 h5 25. Qc1 Nd7 26. Re3 Nc5 27. Qc2 Qh6 28. Qd1 Rxf2 29. Rc3 e3 30. Rxf2 Rxf2 31. h4 Nb3 32. Rd3 Nd4 33. Rxd4 exd4 34. Qxd4 Rxe2 35. Qe4 Rf2 36. Bh3 Rf8 37. Be6+ Kh8 38. Kg2 Qf6 39. Qxe3 Qf1+ 40. Kh2 Rf2+ 0-1


[Site "https://www.chess.com"]

[Event "Titled Tuesday Blitz December 7 2021"]
[White "Bueno, Alfeu Junior Varela"]
[Black "Csonka, Balazs"]
[WhiteFideId "2108879"]
[BlackFideId "742910"]
[WhiteElo "2225"]
[BlackElo "2404"]
[Result "0-1"]
[Round "02"]
[TimeControl "180+1"]
[Date "2021.12.07"]
[WhiteClock "0:00:23"]
[BlackClock "0:00:42"]

1. e4 c5 2. Nc3 Nc6 3. f4 g6 4. Nf3 Bg7 5. Bb5 Nd4 6. O-O a6 7. Bc4 b5 8. Bd5 Rb8 9. d3 e6 10. Bb3 a5 11. a4 b4 12. Ne2 Nxb3 13. cxb3 d6 14. Qc2 Ne7 15. Be3 O-O 16. Nd2 Ba6 17. Nc4 Rc8 18. Ng3 Nc6 19. f5 Nd4 20. Qd1 d5 21. Nd2 Bxd3 22. Rf2 exf5 23. exf5 Nxf5 24. Nxf5 Bxf5 25. Rxf5 gxf5 26. Qh5 Qf6 27. Nf3 Qg6 28. Qh3 Qg4 0-1


[Site "https://www.chess.com"]

[Event "Titled Tuesday Blitz December 7 2021"]
[White "Czopor, Maciej"]
[Black "Yoo, Christopher Woojin"]
[WhiteFideId "21805431"]
[BlackFideId "30909694"]
[WhiteElo "1999"]
[BlackElo "2105"]
[Result "0-1"]
[Round "02"]
[TimeControl "180+1"]
[Date "2021.12.07"]
[WhiteClock "0:00:02"]
[BlackClock "0:01:32"]

1. Nf3 g6 2. g3 Bg7 3. Bg2 Nf6 4. O-O O-O 5. c3 d6 6. d4 Nbd7 7. Nbd2 e5 8. Qc2 Re8 9. dxe5 dxe5 10. e4 Nc5 11. b4 Qd3 12. Qxd3 Nxd3 13. Ba3 a5 14. b5 Bf8 15. Bxf8 Kxf8 16. Rad1 Be6 17. Ng5 Bxa2 18. f4 Ng4 19. Rf3 Rad8 20. Nf1 Nxf4 21. Rxd8 Ne2+ 22. Kh1 Rxd8 23. Rxf7+ Bxf7 0-1


[Site "https://www.chess.com"]

[Event "Titled Tuesday Blitz December 7 2021"]
[White "Degtiarev, Evgeny"]
[Black "Klabis, Rokas"]
[WhiteFideId "4149610"]
[BlackFideId "12805246"]
[WhiteElo "2218"]
[BlackElo "2255"]
[Result "0-1"]
[Round "02"]
[TimeControl "180+1"]
[Date "2021.12.07"]
[WhiteClock "0:00:01"]
[BlackClock "0:00:19"]

1. d4 Nf6 2. c4 e6 3. g3 d5 4. Nf3 Be7 5. Bg2 O-O 6. O-O dxc4 7. Qc2 a6 8. Qxc4 b5 9. Qc2 Bb7 10. Bf4 Nd5 11. Bd2 Nd7 12. e4 N5b6 13. Be3 Rc8 14. Rd1 Nc4 15. a4 Nxe3 16. fxe3 b4 17. Nbd2 c5 18. d5 exd5 19. exd5 Bxd5 20. Nc4 Bxc4 21. Qxc4 Nb6 22. Qxa6 Qc7 23. a5 Nd7 24. Rd5 Nf6 25. Re5 Ra8 26. Qc4 Bd6 27. Rf5 Rxa5 28. Rd1 Rfa8 29. e4 Ra1 30. Rf1 Rxf1+ 31. Bxf1 Ng4 32. Qd5 Ra1 33. e5 Bf8 34. Qe4 Nh6 35. Rh5 g6 36. Rh4 Nf5 37. Rf4 c4 38. e6 Qb6+ 39. Kg2 Qxe6 40. Qxe6 fxe6 41. Kf2 c3 42. bxc3 bxc3 43. Rc4 Bg7 44. Bd3 Ra2+ 0-1


[Site "https://www.chess.com"]

[Event "Titled Tuesday Blitz December 7 2021"]
[White "Demchenko, Anton"]
[Black "Arencibia Monduy, Antonio"]
[WhiteFideId "4160258"]
[BlackFideId "3507939"]
[WhiteElo "2531"]
[BlackElo "2594"]
[Result "1-0"]
[Round "02"]
[TimeControl "180+1"]
[Date "2021.12.07"]
[WhiteClock "0:00:24"]
[BlackClock "0:00:02"]

1. e4 e6 2. d4 d5 3. Nd2 dxe4 4. Nxe4 Nd7 5. Nf3 Ngf6 6. Bg5 Be7 7. Nxf6+ Nxf6 8. Bc4 O-O 9. Qe2 a6 10. a4 c5 11. dxc5 Qa5+ 12. c3 Qxc5 13. O-O Bd7 14. Ne5 Be8 15. Rfe1 Rd8 16. a5 Bb5 17. Bxb5 axb5 18. Rad1 Qc7 19. Qxb5 Rxd1 20. Rxd1 Rd8 21. Rxd8+ Qxd8 22. Bxf6 gxf6 23. Nd7 Qc7 24. g3 Bd8 25. Nb6 Kg7 26. Nc4 Qe7 27. b4 Qc7 28. Kf1 Be7 29. Ke2 Qc8 30. Kd2 e5 31. Ne3 Qd8+ 32. Qd3 Qc7 33. Nf5+ Kf8 34. Qe4 Qd7+ 35. Ke1 Bd8 36. Ne3 1-0


[Site "https://www.chess.com"]

[Event "Titled Tuesday Blitz December 7 2021"]
[White "Devaev, Alexander"]
[Black "Willow, Jonah B"]
[WhiteFideId "4169395"]
[BlackFideId "438804"]
[WhiteElo "2185"]
[BlackElo "2261"]
[Result "0-1"]
[Round "02"]
[TimeControl "180+1"]
[Date "2021.12.07"]
[WhiteClock "0:00:03"]
[BlackClock "0:01:43"]

1. d4 Nf6 2. c4 e6 3. Nf3 c5 4. d5 exd5 5. cxd5 d6 6. Nc3 g6 7. e4 a6 8. a4 Bg4 9. Be2 Bxf3 10. Bxf3 Bg7 11. O-O O-O 12. Bf4 Re8 13. h3 Qc7 14. Re1 Nbd7 15. Qc2 Rab8 16. Be2 c4 17. Be3 Nc5 18. a5 Ncxe4 19. Bb6 Qd7 20. Nxe4 Nxe4 21. Bxc4 f5 22. Rad1 Rbc8 23. b3 Nc3 24. Rxe8+ Qxe8 25. Rf1 Qe5 26. Qd3 Ne4 27. Re1 Qf4 28. Be3 Qh4 29. Bb6 Be5 30. Qf3 Rf8 31. Bd3 Nd2 32. Qe2 Nxb3 33. Qf3 Nd4 34. Qe3 Nb5 35. Bxb5 axb5 36. Qe2 Qc4 37. Qf3 b4 38. Rb1 Bc3 39. Rd1 b3 40. Rb1 b2 41. g3 Re8 42. Kg2 Re1 43. Rd1 Qf1+ 0-1


[Site "https://www.chess.com"]

[Event "Titled Tuesday Blitz December 7 2021"]
[White "Djordjevic, Vuk"]
[Black "Adewumi, Tanitoluwa"]
[WhiteFideId "902098"]
[BlackFideId "30966396"]
[WhiteElo "2463"]
[BlackElo "2551"]
[Result "1-0"]
[Round "02"]
[TimeControl "180+1"]
[Date "2021.12.07"]
[WhiteClock "0:00:12"]
[BlackClock "0:00:05"]

1. d4 Nf6 2. Bg5 Ne4 3. Bf4 d5 4. e3 Bf5 5. Bd3 e6 6. Ne2 Nd7 7. Nd2 Nxd2 8. Qxd2 Bxd3 9. Qxd3 c5 10. dxc5 Nxc5 11. Qd4 Qb6 12. O-O f6 13. Bg3 Rd8 14. c4 dxc4 15. Qxc4 Qa6 16. Qxa6 Nxa6 17. Nd4 Kf7 18. Rac1 Bc5 19. Nb5 Rd2 20. Rb1 Rhd8 21. a3 R8d7 22. b4 Bb6 23. a4 Nc7 24. Nc3 Nd5 25. Ne4 Rc2 26. a5 Bd8 27. Nc5 Re7 28. Bd6 Re8 29. Nxb7 Be7 30. Rfc1 Rec8 31. Rxc2 Rxc2 32. Bxe7 Kxe7 33. g3 Nc3 34. Rb3 Ne4 35. Nc5 Nxf2 36. a6 e5 37. Ra3 Nh3+ 38. Kf1 Rxh2 39. b5 Rf2+ 40. Ke1 Rb2 41. Rb3 Rxb3 42. Nxb3 Kd7 43. b6 Kc8 44. bxa7 1-0


[Site "https://www.chess.com"]

[Event "Titled Tuesday Blitz December 7 2021"]
[White "Ezat, Mohamed"]
[Black "Xiong, Jeffery"]
[WhiteFideId "10600906"]
[BlackFideId "2047640"]
[WhiteElo "2400"]
[BlackElo "2727"]
[Result "0-1"]
[Round "02"]
[TimeControl "180+1"]
[Date "2021.12.07"]
[WhiteClock "0:00:17"]
[BlackClock "0:01:06"]

1. d4 Nf6 2. Nf3 g6 3. Nbd2 Bg7 4. e4 O-O 5. e5 Ne8 6. h4 d6 7. h5 Nc6 8. Bb5 dxe5 9. Bxc6 bxc6 10. dxe5 Bg4 11. hxg6 fxg6 12. Qe2 Qd5 13. c4 Qe6 14. b3 Nd6 15. Bb2 Nf7 16. O-O-O a5 17. Nd4 Bxe2 18. Nxe6 Bxd1 19. Rxd1 Nxe5 20. Ne4 Bh8 21. Nxf8 Rxf8 22. f3 a4 23. Kc2 Rb8 24. Nc5 axb3+ 25. axb3 Nxc4 26. Bc1 Nb6 27. Nd7 Ra8 28. Nc5 Ra2+ 29. Kb1 Ra1+ 30. Kc2 Nd5 31. Ne6 Ra2+ 32. Kd3 Rxg2 33. Bh6 Bf6 34. Ra1 Bxa1 0-1


[Site "https://www.chess.com"]

[Event "Titled Tuesday Blitz December 7 2021"]
[White "Florescu, Codrut-Constantin"]
[Black "Bortnyk, Olexandr"]
[WhiteFideId "1202200"]
[BlackFideId "14120828"]
[WhiteElo "2243"]
[BlackElo "2723"]
[Result "0-1"]
[Round "02"]
[TimeControl "180+1"]
[Date "2021.12.07"]
[WhiteClock "0:01:22"]
[BlackClock "0:00:22"]

1. d4 Nf6 2. c4 b6 3. f3 c5 4. d5 e5 5. e4 d6 6. Bd3 Be7 7. Ne2 Nh5 8. O-O Bg5 9. Nbc3 O-O 10. g4 Nf4 11. Nxf4 Bxf4 12. Bxf4 exf4 13. Kg2 Nd7 14. Qd2 Ne5 15. Be2 Qg5 16. h4 Qh6 17. Rh1 Bxg4 18. h5 Bxf3+ 19. Bxf3 Qg5+ 20. Kf1 Nxf3 21. Qg2 Qxg2+ 22. Kxg2 Ne5 23. h6 g5 24. Rh5 f6 25. Nb5 Nxc4 26. Nc7 Rae8 27. Nxe8 Rxe8 28. Kf3 Nxb2 29. a4 Nc4 30. Rh2 Kf7 31. Rc2 Ne5+ 32. Ke2 f5 33. exf5 Nc6+ 34. Kf1 Nd4 35. Rb2 Kf6 36. Re1 Rxe1+ 37. Kxe1 g4 38. a5 b5 39. a6 g3 40. Rg2 Kxf5 41. Kd2 Kg4 42. Kd3 f3 43. Rb2 f2 0-1


[Site "https://www.chess.com"]

[Event "Titled Tuesday Blitz December 7 2021"]
[White "Gabdushev, Ruslan"]
[Black "Harshavardhan G B"]
[WhiteFideId "4137833"]
[BlackFideId "25059009"]
[WhiteElo "2312"]
[BlackElo "1825"]
[Result "0-1"]
[Round "02"]
[TimeControl "180+1"]
[Date "2021.12.07"]
[WhiteClock "0:00:03"]
[BlackClock "0:01:02"]

1. c4 Nf6 2. Nc3 e5 3. e4 Bc5 4. g3 Nc6 5. Bg2 d6 6. h3 a6 7. d3 Be6 8. Nge2 h5 9. Be3 Qd7 10. Nd5 O-O-O 11. a3 Bxe3 12. fxe3 Kb8 13. Nec3 Ne7 14. Nxf6 gxf6 15. Qf3 Rh6 16. O-O-O c6 17. Kb1 Rg8 18. Ne2 f5 19. Rh2 Qe8 20. Rc1 f6 21. Qf1 fxe4 22. dxe4 f5 23. Qd1 Kc7 24. Qd2 Rhg6 25. c5 d5 26. Qa5+ Kc8 27. Qc3 fxe4 28. Qxe5 Bd7 29. Bf1 Nf5 30. Qf4 Nxg3 31. Nd4 Rf8 32. Qh4 Nxf1 33. Re2 Ng3 34. Rg2 Nf5 35. Nxf5 Bxf5 36. Rf2 Bd7 37. Rxf8 Qxf8 38. Qxh5 Rf6 39. Qe5 Rf3 40. Rc3 Rxh3 41. Ka2 Qh8 42. Qe7 Rh7 43. Qg5 Qg7 44. Qf4 Qf7 45. Qg5 d4+ 46. Rb3 Be6 0-1


[Site "https://www.chess.com"]

[Event "Titled Tuesday Blitz December 7 2021"]
[White "Gabrielian, Artur"]
[Black "Myshakov, Fyodor"]
[WhiteFideId "4131002"]
[BlackFideId "14111284"]
[WhiteElo "2440"]
[BlackElo "2310"]
[Result "1-0"]
[Round "02"]
[TimeControl "180+1"]
[Date "2021.12.07"]
[WhiteClock "0:01:06"]
[BlackClock "0:00:01"]

1. e4 c6 2. d4 d5 3. e5 Bf5 4. h4 h5 5. Bd3 Bxd3 6. Qxd3 e6 7. Nf3 Nd7 8. O-O Ne7 9. Bg5 Qc7 10. Nbd2 Nf5 11. c4 Nb6 12. Rac1 Be7 13. g3 O-O 14. c5 Nd7 15. Bxe7 Nxe7 16. Ng5 Nf5 17. Rfe1 Rfe8 18. Nf1 Nf8 19. Ne3 g6 20. b4 Nh7 21. Nxf5 exf5 22. Nh3 Nf8 23. b5 a6 24. bxc6 bxc6 25. Rb1 Reb8 26. Rxb8 Rxb8 27. Qxa6 Ne6 28. Qa4 Rb5 29. Ng5 Qb7 30. Nxe6 fxe6 31. Kg2 Rb4 32. Qd1 Qa6 33. Qd2 Rb7 34. Qh6 Rg7 35. Rb1 Qa7 36. Rb6 Qc7 37. a4 f4 38. Qxf4 Kh7 39. Qf6 Qd7 40. Rb8 Qa7 41. Qd8 g5 42. Qh8+ Kg6 43. Rf8 Rf7 44. Qg8+ Rg7 45. Rf6# 1-0


[Site "https://www.chess.com"]

[Event "Titled Tuesday Blitz December 7 2021"]
[White "Gasanov, Eldar"]
[Black "Malka, Samuel"]
[WhiteFideId "14104466"]
[BlackFideId "20643675"]
[WhiteElo "2454"]
[BlackElo "2457"]
[Result "1-0"]
[Round "02"]
[TimeControl "180+1"]
[Date "2021.12.07"]
[WhiteClock "0:00:53"]
[BlackClock "0:00:28"]

1. d4 Nf6 2. c4 g6 3. Nc3 Bg7 4. Bg5 O-O 5. e4 d6 6. Qd2 Nc6 7. d5 Ne5 8. f4 Ned7 9. Nh3 e6 10. Be2 exd5 11. cxd5 h6 12. Bxf6 Qxf6 13. Nf2 Qd4 14. Qxd4 Bxd4 15. Rd1 Bb6 16. O-O Re8 17. Rfe1 Nf6 18. Bf3 Ng4 19. Bxg4 Bxg4 20. Rd2 Bd7 21. g3 Re7 22. Kg2 Rae8 23. Rde2 Bd4 24. Kf3 h5 25. h3 Bxf2 26. Kxf2 Bxh3 27. e5 Bd7 28. Ne4 Kg7 29. exd6 Rxe4 30. Rxe4 Rxe4 31. Rxe4 cxd6 32. Re7 1-0


[Site "https://www.chess.com"]

[Event "Titled Tuesday Blitz December 7 2021"]
[White "Golubka, Petro"]
[Black "Volkov, Maksim"]
[WhiteFideId "14114224"]
[BlackFideId "54123070"]
[WhiteElo "2392"]
[BlackElo "2081"]
[Result "1-0"]
[Round "02"]
[TimeControl "180+1"]
[Date "2021.12.07"]
[WhiteClock "0:01:57"]
[BlackClock "0:01:00"]

1. e4 e6 2. d4 d5 3. Bd3 dxe4 4. Bxe4 Nf6 5. Bf3 c5 6. Ne2 Nc6 7. Be3 cxd4 8. Nxd4 Ne5 9. Nc3 Be7 10. Qe2 O-O 11. O-O-O Nxf3 12. Qxf3 Qa5 13. Nb3 Qh5 14. Qxh5 Nxh5 15. g4 Nf6 16. h3 e5 17. Rhe1 Be6 18. Bc5 Rfe8 19. Bxe7 Rxe7 20. Rxe5 Rc7 21. f4 a6 22. Nc5 Bc4 23. b3 b6 24. N5a4 b5 25. Nc5 Be6 26. f5 Bd7 27. g5 Re8 28. Nxd7 1-0


[Site "https://www.chess.com"]

[Event "Titled Tuesday Blitz December 7 2021"]
[White "Gracia Alvarez, Gerardo Antonio"]
[Black "Preotu, Razvan"]
[WhiteFideId "5109124"]
[BlackFideId "2613280"]
[WhiteElo "2148"]
[BlackElo "2407"]
[Result "0-1"]
[Round "02"]
[TimeControl "180+1"]
[Date "2021.12.07"]
[WhiteClock "0:00:31"]
[BlackClock "0:00:11"]

1. e4 c5 2. Nf3 d6 3. d4 cxd4 4. Qxd4 Nc6 5. Qe3 g6 6. Be2 Bg7 7. O-O Nf6 8. h3 O-O 9. Rd1 Be6 10. c4 Qb6 11. Nc3 Nd7 12. Nd5 Qxe3 13. Bxe3 Rfc8 14. Rab1 Nc5 15. Ng5 h6 16. b4 Na4 17. b5 Bxd5 18. exd5 Ne5 19. Ne4 Nxc4 20. Bd4 Ncb6 21. Bxg7 Kxg7 22. Rb4 Rc2 23. Kf1 Rac8 24. a3 Ra2 25. Bd3 Nb2 26. Rd2 Ra1+ 27. Ke2 Nxd3 28. Rxd3 Rc2+ 29. Kf3 Raa2 30. Re3 f5 31. Nc3 Rxf2+ 32. Kg3 Rxg2+ 33. Kh4 Kf6 34. Re6+ Kf7 35. Nxa2 Rxa2 36. Re1 Rxa3 37. Rd4 g5+ 0-1


[Site "https://www.chess.com"]

[Event "Titled Tuesday Blitz December 7 2021"]
[White "Gunduz, Umut Erdem"]
[Black "Adly, Ahmed"]
[WhiteFideId "6381383"]
[BlackFideId "10601619"]
[WhiteElo "2096"]
[BlackElo "2656"]
[Result "0-1"]
[Round "02"]
[TimeControl "180+1"]
[Date "2021.12.07"]
[WhiteClock "0:00:03"]
[BlackClock "0:00:33"]

1. e4 c6 2. d4 d5 3. Nd2 dxe4 4. Nxe4 Nd7 5. Qe2 Ndf6 6. Nxf6+ Nxf6 7. c3 Bg4 8. f3 Bh5 9. Nh3 Nd5 10. Nf4 Bg6 11. Nxg6 hxg6 12. g3 Qc7 13. c4 Nf6 14. Bf4 Qa5+ 15. Bd2 Qc7 16. Bf4 Qa5+ 17. Bd2 Qb6 18. Bc3 e6 19. a3 Qc7 20. O-O-O Be7 21. f4 b5 22. Bg2 bxc4 23. Qxc4 O-O 24. Qxc6 Qxc6 25. Bxc6 Rac8 26. d5 exd5 27. Bxd5 Bxa3 28. Kb1 Bc5 29. Rhe1 Rfe8 30. Bf3 Bb6 31. Ka2 Nh7 32. Rxe8+ Rxe8 33. Rd7 Nf8 34. Rb7 Rd8 35. Be2 Rc8 36. Bf3 Ne6 37. Bd5 Nd8 38. Rd7 Kf8 39. Bb4+ Kg8 40. g4 Ne6 41. f5 gxf5 42. gxf5 Nd8 43. Be7 Nc6 44. Bd6 Nd8 45. Be7 Kh7 46. Bxd8 Bxd8 47. Bxf7 a5 48. Bg6+ Kh6 49. Rd3 Bf6 50. Rh3+ Kg5 51. Rg3+ Kf4 52. Rg2 Kf3 53. Rd2 Ke3 54. Rg2 Rc4 55. Kb3 Rb4+ 56. Ka3 Be7 57. Ka2 Ra4+ 58. Kb3 Rb4+ 59. Ka2 Bf6 60. b3 Rf4 61. Ka3 Be7+ 62. Ka2 Rf1 63. Rc2 Bf6 64. b4 axb4 65. Kb3 Rb1+ 66. Ka2 Ra1+ 67. Kb3 Be7 68. Bf7 Ra3+ 69. Kc4 Rd3 70. Be6 Rd4+ 71. Kb3 Bf6 72. Ka4 Kd3 73. Kb3 Rh4 74. Bc4+ Ke3 75. Re2+ Kf3 76. Rd2 Bc3 77. Re2 Kf4 78. Bd3 Rh3 79. Bc2 Bd2+ 80. Kc4 Rc3+ 81. Kxb4 Rxc2+ 82. Kb3 Kf3 83. Kxc2 Kxe2 84. h4 Bh6 85. Kc3 Ke3 86. Kc4 Ke4 0-1


[Site "https://www.chess.com"]

[Event "Titled Tuesday Blitz December 7 2021"]
[White "Guz, Ari"]
[Black "Tang, Zoey"]
[WhiteFideId "2825759"]
[BlackFideId "30952530"]
[WhiteElo "1913"]
[BlackElo "1636"]
[Result "1-0"]
[Round "02"]
[TimeControl "180+1"]
[Date "2021.12.07"]
[WhiteClock "0:00:49"]
[BlackClock "0:00:01"]

1. b3 e5 2. Bb2 Nc6 3. g3 Nf6 4. Bg2 d5 5. d3 Bd6 6. Nf3 O-O 7. O-O Bg4 8. Nbd2 Qd7 9. e4 Nd4 10. Bxd4 exd4 11. e5 Be7 12. exf6 Bxf6 13. Qc1 h5 14. Qb2 h4 15. Rfe1 hxg3 16. hxg3 Qd6 17. a4 c5 18. a5 g6 19. b4 cxb4 20. Nb3 Kg7 21. Qa2 Rh8 22. Nbxd4 Bxf3 23. Nxf3 Bxa1 24. Qxa1+ f6 25. Qd4 Rae8 26. Rb1 b6 27. axb6 axb6 28. Qxb4 Qc7 29. Nd4 Rh6 30. Qxb6 Qxb6 31. Rxb6 Re1+ 32. Bf1 Rh8 33. Rb7+ Kh6 34. Kg2 Rhe8 35. Rd7 Rc1 36. Rxd5 Ree1 37. Be2 Rg1+ 38. Kf3 f5 39. c4 Kg5 40. Ne6+ Kf6 41. Nd4 Kg5 42. c5 Rc3 43. c6 Rgc1 44. Ke3 Kf6 45. f4 g5 46. Rxf5+ 1-0


[Site "https://www.chess.com"]

[Event "Titled Tuesday Blitz December 7 2021"]
[White "Halkias, Stelios"]
[Black "Muradov, Soltan"]
[WhiteFideId "4201809"]
[BlackFideId "14002108"]
[WhiteElo "2575"]
[BlackElo "1854"]
[Result "1-0"]
[Round "02"]
[TimeControl "180+1"]
[Date "2021.12.07"]
[WhiteClock "0:00:40"]
[BlackClock "0:00:38"]

1. d4 Nf6 2. c4 e6 3. Nc3 Bb4 4. e3 d5 5. Nf3 Ne4 6. Bd2 Nxd2 7. Qxd2 O-O 8. Rc1 dxc4 9. Bxc4 a6 10. a3 Bd6 11. O-O b5 12. Bd3 Bb7 13. Be4 Bxe4 14. Nxe4 Nd7 15. Rc6 Nf6 16. Nxf6+ Qxf6 17. Rfc1 a5 18. Qd3 Rfb8 19. Nd2 g6 20. Ne4 Qf5 21. Qc2 b4 22. axb4 axb4 23. b3 Ra3 24. g3 h5 25. Nd2 Qxc2 26. R1xc2 Ra1+ 27. Kg2 Rb1 28. Nxb1 Ra8 29. Nd2 1-0


[Site "https://www.chess.com"]